 Dungeon Crawl Stone Soup version 0.32-a0-875-g23b751d0ae (webtiles) character file.

Game seed: 11562958719948233914

34 Kenran the Ruffian (level 3, -1/23 (26) HPs)
             Began as a Minotaur Alchemist on Mar 31, 2024.
             Slain by a hobgoblin
             ... wielding a +4 short sword of draining
              (7 damage)
             ... on level 2 of the Dungeon.
             The game lasted 00:01:45 (1076 turns).

Kenran the Ruffian (Minotaur Alchemist)             Turns: 1076, Time: 00:01:46

HP:   -1/23 (26)    AC:  4    Str: 14    XL:     3   Next: 14%
MP:   2/4           EV: 11    Int: 12    God:
Gold: 71            SH:  0    Dex: 10    Spells: 3/4 levels left

rFire   . .          .
                       - Unarmed
rCold   . . .        (no shield)
rNeg    . . .        a - +0 robe
rPois   .            (helmet restricted)
rElec   .            i - +1 cloak
rCorr   .            (no gloves)
SInv    .            (no boots)
Will    .....        (no amulet)
Stlth   ++           (no ring)
HPRegen 0.23/turn    (no ring)
MPRegen 0.09/turn

%: no passive effects
@: very slightly contaminated, heavily drained
A: horns 2, retaliatory headbutt
a: no special abilities


You were on level 2 of the Dungeon.
You visited 1 branch of the dungeon, and saw 2 of its levels.

You collected 71 gold pieces.

Inventory:

Armour
 a - a +0 robe (worn)
 h - a +0 chain mail
 i - a +1 cloak (worn)
Scrolls
 e - a scroll of immolation {!r}
 f - a scroll of teleportation {unknown}
 g - a scroll of noise {unknown}
 j - 3 scrolls of identify {unknown}
 k - a scroll of enchant weapon {unknown}
 l - a scroll of fog {unknown}
 m - a scroll of brand weapon {unknown}
 n - a scroll of amnesia {unknown}
Potions
 b - a potion of magic
 c - a potion of might {unknown}
 d - 6 potions of curing {unknown}


   Skills:
 - Level 2.1 Dodging
 - Level 1.5 Stealth
 + Level 3.1 Unarmed Combat
 - Level 1.3 Spellcasting
 - Level 0.6 Conjurations
 - Level 2.1 Alchemy


You had 3 spell levels left.
You knew the following spells:

 Your Spells              Type           Power      Damage    Failure   Level
a - Sting                 Conj/Alch      16%        1d4       17%         1

Your spell library contained the following spells:

 Spells                   Type           Power      Damage    Failure   Level
 Mercury Vapours          Alch/Air       6%         N/A       28%         2
 Mephitic Cloud           Conj/Alch/Air  3%         N/A       52%         3
 Olgreb's Toxic Radiance  Alch           6%         N/A       75%         4
 Sticky Flame             Fire/Alch      3%         2d4       88%         4


Dungeon Overview and Level Annotations

Branches:
Dungeon (2/15)

Altars:


Innate Abilities, Weirdness & Mutations

You have a pair of horns on your head.
You reflexively headbutt those who attack you in melee.


Message History

a +0 short sword; a kobold corpse A ball python comes into view.
The ball python hisses angrily.
The ball python closely misses you. The ball python barely misses you.
You hit the ball python.
You kill the ball python!
No target in view!
You should not fight recklessly!
You should not fight recklessly!
No target in view!
You now have 71 gold pieces (gained 15).
A hobgoblin comes into view.
It is wielding a +4 short sword of draining.
The hobgoblin moves out of view.
The hobgoblin shouts!
Found a stone staircase leading down.
The hobgoblin hits you with a +4 short sword of draining!
You feel drained.
You are too injured to fight recklessly!
You are too injured to fight recklessly!
You are too injured to fight recklessly!
Casting: Sting (safe; 17% risk of failure)
Confirm with . or Enter, or press ? or * to list all spells.
Aiming: Sting (safe; 17% risk of failure)
Press: ? - help, Shift-Dir - straight line, f - hobgoblin
Aim: a hobgoblin, wielding a +4 short sword of draining (64% to hit)
The sting hits the hobgoblin but does no damage.
The hobgoblin is poisoned.
The hobgoblin hits you with a +4 short sword of draining.
You feel drained.
* * * LOW HITPOINT WARNING * * *
Casting: Sting (safe; 17% risk of failure)
Confirm with . or Enter, or press ? or * to list all spells.
Aiming: Sting (safe; 17% risk of failure)
Press: ? - help, Shift-Dir - straight line, f/p - hobgoblin
Aim: a hobgoblin, wielding a +4 short sword of draining (moderately wounded, poisoned, 64% to hit)
You miscast Sting.
You are very lightly contaminated with residual magic.
Nothing appears to happen.
The hobgoblin hits you with a +4 short sword of draining!
You die...

##.###
#..# #
#...# #
###.# #.#
#.###
#...##
###..#
##.# #@#
#.g......
....>....
#####.....
#####


You could see a hobgoblin (poisoned).

Vanquished Creatures
  A dart slug (D:2)
  A ribbon worm (D:2)
  3 ball pythons
  2 bats (D:1)
  4 endoplasms
  2 giant cockroaches
  2 goblins (D:1)
  2 hobgoblins
  2 quokkas
  A frilled lizard (D:2)
  5 kobolds
  2 rats
27 creatures vanquished.

Notes
Turn   | Place    | Note
-------+----------+-------------------------------------------
     0 | D:1      | Kenran the Minotaur Alchemist began the quest for the Orb.
     0 | D:1      | Reached XP level 1. HP: 14/14 MP: 1/1
   149 | D:1      | Reached skill level 1 in Unarmed Combat
   260 | D:1      | Found a faded altar of an unknown god.
   280 | D:1      | Reached XP level 2. HP: 20/20 MP: 0/3
   336 | D:1      | Reached skill level 2 in Unarmed Combat
   890 | D:2      | Reached skill level 3 in Unarmed Combat
   942 | D:2      | Reached XP level 3. HP: 26/26 MP: 4/4
  1076 | D:2      | Slain by a hobgoblin

Illustrated notes

Levels and vault maps discovered:
D:1:      ncdulo_halloftheorcs, layout_basic, hellmonk_ecumenical_altar_blasted,
          nicolae_kite_square_tiling_tiny
D:2:      layout_basic, serial_glass, glass_columns_a, glass_columns_b,
          glass_columns_b, glass_columns_a, feat_on_display,
          minmay_strange_pillars, feat_on_display

Skill      XL: |  1  2 |
---------------+-------+-----
Unarmed Combat | 1 3 |  3.1
Dodging        | |  2.1
Stealth        | |  1.5
Spellcasting   | |  1.3
Conjurations   | |  0.6
Alchemy        | |  2.1

Action                     || total
---------------------------++-------
  Melee: Unarmed           ||    52
         Headbutt          ||     7
   Cast: Sting             ||    15
   Stab: Sleeping          ||     2
 Armour: Robe              ||    35
  Dodge: Dodged            ||    35

Table legend: (Time is in decaauts)
 A = Elapsed time spent in this place.
 B = Non-inter-level travel time spent in this place.
 C = Inter-level travel time spent in this place.
 D = Time resting spent in this place.
 E = Time spent auto-exploring this place.
 F = Levels seen in this place.
 G = Mean time per level.
                   A        B        C        D        E       F      G
               +--------+--------+--------+--------+--------+-----+--------+
         Total |   1074 |   1041 |     33 |     88 |    683 |   2 |  537.0 |
       Dungeon |   1074 |   1041 |     33 |     88 |    683 |   2 |  537.0 |
               +--------+--------+--------+--------+--------+-----+--------+

Top non-repeatable levels by time:
     D:1: 775 daAuts
     D:2: 298 daAuts
